 Dungeon Crawl Stone Soup version 0.15.1-3-g1b33baa (console) character file.

264 Erolch the Ogre Mage (level 6, -4/61 HPs)
             Began as an Ogre Wizard on Oct 10, 2014.
             Slain by an iguana (10 damage)
             ... on Level 5 of the Dungeon.
             The game lasted 00:15:23 (2331 turns).

Erolch the Ogre Mage (Ogre Wizard)                  Turns: 2331, Time: 00:15:23

HP  -4/61        AC  4     Str 13      XL: 6   Next: 19%
MP   4/15        EV 10     Int 19      God:
Gold 202         SH  0     Dex 10      Spells:  4 memorised,  5 levels left

rFire  . . .     SeeInvis .     i - +0 club
rCold  . . .     Clarity  .     a - +0 robe
rNeg   . . .     rCorr    .     (shield restricted)
rPois  .         rRot     .     b - +0 hat
rElec  .         Spirit   .     p - +0 cloak
SustAb .         Warding  .     (gloves unavailable)
rMut   .         Stasis   .     (boots unavailable)
Gourm  .                        (no amulet)
MR     +....                    o - ring of protection from magic
                                e - +2 ring of dexterity

@: somewhat resistant to hostile enchantments, very unstealthy
A: unfitting armour, tough skin 1
a: no special abilities


You were on level 5 of the Dungeon.
You were hungry.

You visited 1 branch of the dungeon, and saw 5 of its levels.

You collected 202 gold pieces.

Inventory:

Hand weapons
 f - a +0 dagger
 i - a +0 club (weapon)
 u - a +0 hunting sling of velocity
Missiles
 g - 17 poisoned needles
 Q - 126 stones (quivered)
Armour
 a - a +0 robe (worn)
 b - a +0 hat (worn)
 p - a +0 cloak (worn)
Comestibles
 d - a meat ration
 h - 2 bread rations
 s - a beef jerky
 w - 2 chunks of worker ant flesh
Scrolls
 j - 3 scrolls of identify {unknown}
 l - a scroll of enchant armour {unknown}
 m - a scroll of amnesia {unknown}
 r - 2 scrolls of teleportation {unknown}
 t - a scroll of enchant weapon
 y - a scroll of magic mapping {unknown}
 z - a scroll of noise {unknown}
Jewellery
 e - a +2 ring of dexterity (left hand)
 o - a ring of protection from magic (right hand)
Potions
 n - a potion of restore abilities {unknown}
 v - 2 potions of heal wounds {unknown}
 x - a potion of brilliance {unknown}
Books
 c - a book of Minor Magic

   Spells                             Type                      Level
   *Magic Dart                        Conjuration                  1
   *Blink                             Translocation                2
   *Call Imp                          Summoning                    2
   Repel Missiles                     Charms/Air                   2
   Slow                               Hexes                        2
   Conjure Flame                      Conjuration/Fire             3
   *Mephitic Cloud                    Conjuration/Poison/Air       3


   Skills:
 + Level 3.1 Fighting
 * Level 3.4 Maces & Flails
 * Level 2.5 Throwing
 + Level 2.7 Dodging
 - Level 2.0 Stealth
 + Level 4.1 Spellcasting
 - Level 0.6 Conjurations
 + Level 1.2 Summonings
 - Level 0.6 Translocations


You had 5 spell levels left.
You knew the following spells:

 Your Spells              Type           Power        Failure   Level  Hunger
a - Magic Dart            Conj           #...         12%         1    None
b - Call Imp              Summ           #.......     14%         2    #......
c - Mephitic Cloud        Conj/Pois/Air  #.......     38%         3    ###....
B - Blink                 Tloc           N/A          17%         2    #......


Dungeon Overview and Level Annotations

Branches:
Dungeon (5/15)
 Temple: D:4-7

Altars:
Elyvilon
Zin


Innate Abilities, Weirdness & Mutations

You are too large for most types of armour.
You have tough skin (AC +1).


Message History

Aim: an iguana You throw a large rock.
The large rock hits the iguana!
The iguana is heavily wounded.
The iguana bites you.
* * * LOW HITPOINT WARNING * * *
Throwing (i - inventory. (,) - cycle):
q - a large rock (quivered)
Press: ? - help, Shift-Dir - straight line, f/p - iguana
Aim: an iguana (heavily wounded)
You throw a large rock. The large rock hits the iguana.
The iguana is heavily wounded.
The iguana bites you!
* * * LOW HITPOINT WARNING * * *
Drink which item? (? for menu, Esc to quit)
You feel better. The iguana bites you!
* * * LOW HITPOINT WARNING * * *
Casting: Call Imp
Confirm with . or Enter, or press ? or * to list all spells.
A beastly little devil appears in a puff of flame.
The iguana bites you!
You die...

...
#.#.#
#....
...>#
....
###..#
..5.#
#..#
#.@#
#l.#
#..#
#..#
#..#
##.#
...
#.#
#.#


You could see an iguana and a friendly crimson imp.

Vanquished Creatures
  The ghost of Adahn the Stinger, an average DsVM of Dithmenos (D:4)
  A giant frog (D:4)
  An iguana (D:4)
  Jessica (D:2)
  4 giant geckos
  2 orcs (D:4)
  8 hobgoblins
  4 kobolds
  A quokka (D:2)
  6 bats
  4 giant cockroaches
  2 giant newts
  7 goblins
  2 rats (D:1)
44 creatures vanquished.

Vanquished Creatures (collateral kills)
  A scorpion (D:3)
  A worker ant (D:4)
  4 adders
  A worm (D:4)
  2 orcs (D:4)
  2 kobolds
  A rat (D:3)
12 creatures vanquished.

Vanquished Creatures (others)
  A crimson imp (D:4)
  2 white imps (D:4)
  2 shadow imps (D:4)
5 creatures vanquished.

Grand Total: 61 creatures vanquished

Notes
Turn   | Place    | Note
--------------------------------------------------------------
     0 | D:1      | Erolch, the Ogre Wizard, began the quest for the Orb.
     0 | D:1      | Reached XP level 1. HP: 16/16 MP: 4/4
     0 | D:1      | where are you, my love?
   109 | D:1      | Reached skill level 1 in Fighting
   192 | D:1      | Reached XP level 2. HP: 18/27 MP: 3/6
   263 | D:1      | Learned a level 2 spell: Call Imp
   867 | D:2      | Reached skill level 1 in Maces & Flails
   867 | D:2      | Reached XP level 3. HP: 35/35 MP: 1/8
  1079 | D:2      | Noticed Jessica
  1114 | D:2      | Killed Jessica
  1114 | D:2      | Reached XP level 4. HP: 15/44 MP: 1/10
  1289 | D:2      | all of sudden it makes sesne
  1463 | D:2      | Learned a level 3 spell: Mephitic Cloud
  1466 | D:2      | Learned a level 2 spell: Blink
  1583 | D:3      | Found a white marble altar of Elyvilon.
  1583 | D:3      | Found a glowing silver altar of Zin.
  1908 | D:4      | Reached skill level 1 in Summonings
  2014 | D:4      | Noticed a giant frog
  2023 | D:4      | Noticed Adahn's ghost (average DsVM)
  2057 | D:4      | Killed a giant frog
  2057 | D:4      | Reached skill level 1 in Throwing
  2057 | D:4      | Reached XP level 5. HP: 17/53 MP: 1/12
  2134 | D:4      | Killed Adahn's ghost
  2134 | D:4      | Reached skill level 4 in Spellcasting
  2209 | D:4      | Reached XP level 6. HP: 17/61 MP: 0/15
  2325 | D:5      | Entered Level 5 of the Dungeon
  2329 | D:5      | HP: 1/61 [iguana (12)]
  2331 | D:5      | Slain by an iguana

Action                   |  1- 3 |  4- 6 || total
-------------------------+-------+-------++-------
Melee: Club              |    25 |    38 ||    63
 Fire: Hunting sling     |       |     4 ||     4
Throw: Stone             |     3 |     4 ||     7
       Large rock        |       |    12 ||    12
 Cast: Magic Dart        |    59 |    48 ||   107
       Call Imp          |     5 |    20 ||    25
  Use: Scroll            |     1 |       ||     1
       Potion            |       |     2 ||     2
 Stab: Sleeping          |       |     1 ||     1
  Eat: Chunk             |       |     4 ||     4
